Workbook

Sheet BDI 
B1: PREFEITURA MUNICIPAL DE CAREAÇU
B2: AV. SATURNINO DE FARIA, 140, CENTRO, CAREAÇU/MG
B3: CNPJ: 17.935.388/0001-15
A4: COMPOSIÇÃO DE BDI (ACORDÃO TCU Nº2223/2013 - CONSTRUÇÃO DE EDIFICIOS | H4: LIMITES
A5: RT. ORÇ. EDIONE SILVIA FERREIRA CAU A19.326-7 | G5: RRT Nº | H5: SEM DESONERAÇÃO
A6: ITENS COMPONENTES DO BDI | H6: 1º Quartil | I6: 1º Quartil | J6: 1º Quartil
A7: Despesas Indiretas e Lucro | G7: % | H7: % | I7: % | J7: %
A8: 1 | D8: Garantia + Seguro | G8: 1 | H8: 0.8 | I8: 0.8 | J8: 1
A9: 2 | D9: Risco | G9: 1.27 | H9: 0.97 | I9: 1.27 | J9: 1.27
A10: 3 | D10: Administração Central | G10: 5.5 | H10: 3 | I10: 4 | J10: 5.5
A11: Subtotal I = 1+((1+2+3)/100) | G11: =1+((G8+G9+G10)/100) -> 1.0777
A12: 4 | D12: Despesas Financeiras | G12: 0.59 | H12: 0.59 | I12: 1.23 | J12: 1.39
A13: Subtotal II = 1+(4/100) | G13: =1+(G12/100) -> 1.0059
A14: 5 | D14: Lucro | G14: 6.16 | H14: 6.16 | I14: 7.4 | J14: 8.96
A15: Subtotal III = 1+(5/100) | G15: =1+(G14/100) -> 1.0616
A16: Tributos Federais
A17: 6 | D17: Cofins | G17: 3 | H17: 3 | I17: 3 | J17: 3
A18: 7 | D18: Pis/Pasep | G18: 0.65 | H18: 0.65 | I18: 0.65 | J18: 0.65
A19: 8 | D19: IRPJ | H19: Não Incidente
A20: 9 | D20: CSLL | H20: Não Incidente
A21: Tributo Municipal
A22: 10 | D22: ISS | G22: 3 | H22: Conforme Legislação Municipal
A23: Subtotal IV = (6+7+8+9+10)100 | G23: =(G17+G18+G19+G20+G22)/100 -> 0.0665
A24: TOTAL DO BDI SEM A ALIQUOTA DO INSS | G24: =(((G11*G13*G15)/(1-G23))-1)*100 -> 23.281889 | H24: 20.34 | I24: 22.12 | J24: 25
B27: BDI FÓRMULA = | E27: (1+AC+R+G+S)(1+DF)(1+L) -1
E28: (1-I)
A29: ONDE
A30: G+S | B30: Garantia + Seguro
A31: R | B31: Risco
A32: AC | B32: Administração Central
A33: DF | B33: Despesas Financeiras
A34: L | B34: Lucro
A35: I | B35: Impostos
F36: CAREAÇU, 15 DE JANEIRO DE 2026
F41: ARQ. EDIONE SÍLVIA FERREIRA
F42: CAU A19.326-7

Sheet PLANILHA ORÇAMENTÁRIA
B1: PREFEITURA MUNICIPAL DE CAREAÇU CNPJ 17.935.388/0001-15
B4: PLANILHA ORÇAMENTÁRIA DE CUSTOS
B6: PREFEITURA: PREFEITURA MUNICIPAL DE CAREAÇU | G6: FOLHA Nº: 01 | H6: ISS MUNICIPAL: | I6: 0.03
B7: OBRA: AMPLIAÇÃO ESCOLA MUNICIPAL COMENDADOR ANTÔNIO FLORÊNCIO NOGUEIRA | G7: DATA: | H7: =TODAY() -> 46069
B8: LOCAL: AV SATURNINO DE FARIA, 143, CENTRO, CAREAÇU, MG | F8: FORMA DE EXECUÇÃO:
B9: REGIÃO/MÊS DE REFERÊNCIA: SETOP SUL/OUTUBRO 2025/ SEM DESONERAÇÃO / SINAPI 12-2025 - SEM DESONERADO | F9: ( ) | G9: DIRETA | H9: ( X ) | I9: INDIRETA
B10: PRAZO DE EXECUÇÃO: 7 MESES | H10: LDI | I10: 0.2328
B12: ITEM | C12: CÓDIGO | D12: DESCRIÇÃO DOS SERVIÇOS | E12: UN. | F12: QUANT. | G12: PREÇO UNIT. (R$) SEM LDI | H12: PREÇO UNIT. (R$) COM LDI | I12: PREÇO TOTAL (R$)
D13: PLANILHA ORÇAMENTÁRIA - AMPLIAÇÃO
B15: 1 | D15: SERVIÇOS PRELIMINARES
B16: 1.1 | C16: ED-28427 | D16: FORNECIMENTO E COLOCAÇÃO DE PLACA DE OBRA EM CHAPA GALVANIZADA #26, ESP. 0,45MM, DIMENSÃO (3X1,5)M, PLOTADA COM ADESIVO VINÍLICO, AFIXADA COM REBITES 4,8X40MM, EM ESTRUTURA METÁLICA DE METALON 20X20MM, ESP. 1,25MM, INCLUSIVE SUPORTE EM EUCALIPTO AUTOCLAVADO PINTADO COM TINTA PVA DUAS (2) DEMÃOS | E16: UN | F16: 1 | G16: 1179.41 | H16: =ROUND((G16+(G16*$I$10)),2) -> 1453.98 | I16: =ROUND((F16*H16),2) -> 1453.98
B17: 1.2 | C17: ED-50162 | D17: PORTÃO PARA TAPUME FIXO DE PROTEÇÃO COM FECHAMENTO DE OBRA EM CHAPA DE COMPENSADO, ESP. 12MM, COM MÓDULO NA DIMENSÃO DE (110X220)CM, INCLUSIVE FERRAGENS E PINTURA LÁTEX (PVA) COM DUAS (2) DEMÃOS | E17: M2 | F17: =('MEMÓRIA DE CÁLCULO'!H23) -> 2.42 | G17: 169.97 | H17: =ROUND((G17+(G17*$I$10)),2) -> 209.54 | I17: =ROUND((F17*H17),2) -> 507.09
B18: 1.3 | C18: ED-29823 | D18: TAPUME FIXO DE PROTEÇÃO PARA FECHAMENTO DE OBRA EM TELHA METÁLICA GALVANIZADA, TIPO TRAPEZOIDAL, ESP. 0,5MM, COM MÓDULO NA DIMENSÃO DE (300X220)CM, COM REAPROVEITAMENTO, EXCLUSIVE PINTURA ESMALTE, INCLUSIVE PONTALETE E FIXAÇÃO. | E18: M2 | F18: ='MEMÓRIA DE CÁLCULO'!H31 -> 39.6 | G18: 67.23 | H18: =ROUND((G18+(G18*$I$10)),2) -> 82.88 | I18: =ROUND((F18*H18),2) -> 3282.05
B19: 1.4 | C19: ED-17989 | D19: LOCAÇÃO DE OBRA COM GABARITO DE TÁBUAS CORRIDAS PONTALETADAS A CADA 2,00M, REAPROVEITAMENTO (2X), INCLUSIVE ACOMPANHAMENTO DE EQUIPE TOPOGRÁFICA PARA MARCAÇÃO DE PONTO TOPOGRÁFICO | E19: M | F19: =('MEMÓRIA DE CÁLCULO'!H40) -> 62.1 | G19: 62.77 | H19: =ROUND((G19+(G19*$I$10)),2) -> 77.38 | I19: =ROUND((F19*H19),2) -> 4805.3
B20: 1.5 | C20: 98524 | D20: =UPPER("Limpeza Manual de vegetação de terreno com enxada") -> LIMPEZA MANUAL DE VEGETAÇÃO DE TERRENO COM ENXADA | E20: M2 | F20: =('MEMÓRIA DE CÁLCULO'!H47) -> 312 | G20: 5.17 | H20: =ROUND((G20+(G20*$I$10)),2) -> 6.37 | I20: =ROUND((F20*H20),2) -> 1987.44
F21: Subtotal | I21: =SUM(I16:I20) -> 12035.86
B22: 2 | D22: FUNDAÇÃO
B23: 2.1 | D23: ESTACAS
B24: 2.1.1 | C24: ED-29801 | D24: PERFURAÇÃO MANUAL DE ESTACA TIPO BROCA A TRADO, INCLUSIVE AFASTAMENTO, EXCLUSIVE ARMAÇÃO, CONCRETO ESTRUTURAL, TRANSPORTE E RETIRADA DO MATERIAL ESCAVADO | E24: M3 | F24: =('MEMÓRIA DE CÁLCULO'!H60) -> 9.13 | G24: 251.88 | H24: =ROUND((G24+(G24*$I$10)),2) -> 310.52 | I24: =ROUND((F24*H24),2) -> 2835.05
B25: 2.1.2 | C25: ED-49638 | D25: FORNECIMENTO DE CONCRETO ESTRUTURAL, USINADO BOMBEADO, COM FCK 25MPA, INCLUSIVE LANÇAMENTO, ADENSAMENTO E ACABAMENTO | E25: M3 | F25: =('MEMÓRIA DE CÁLCULO'!H69) -> 9.13 | G25: 697.36 | H25: =ROUND((G25+(G25*$I$10)),2) -> 859.71 | I25: =ROUND((F25*H25),2) -> 7849.15
B26: 2.1.3 | C26: 100978 | D26: CARGA, MANOBRA E DESCARGA DE SOLOS E MATERIAIS GRANULARES EM CAMINHÃO BASCULANTE 10 M³ - CARGA COM ESCAVADEIRA HIDRÁULICA (CAÇAMBA DE 1,20 M³ / 155 HP) E DESCARGA LIVRE (UNIDADE: M3). AF_07/2020 | E26: M3 | F26: =('MEMÓRIA DE CÁLCULO'!H76) -> 9.13 | G26: 7.18 | H26: =ROUND((G26+(G26*$I$10)),2) -> 8.85 | I26: =ROUND((F26*H26),2) -> 80.8
B27: 2.1.4 | C27: ED-48298 | D27: CORTE, DOBRA E MONTAGEM DE AÇO CA-50/60, INCLUSIVE ESPAÇADOR | E27: KG | F27: =('MEMÓRIA DE CÁLCULO'!H83) -> 75.19 | G27: 13.68 | H27: =ROUND((G27+(G27*$I$10)),2) -> 16.86 | I27: =ROUND((F27*H27),2) -> 1267.7
B28: 2.2 | D28: BLOCO DE COROAMENTO | H28: =ROUND((G28+(G28*$I$10)),2) -> 0 | I28: =ROUND((F28*H28),2) -> 0
B29: 2.2.1 | C29: ED-49638 | D29: FORNECIMENTO DE CONCRETO ESTRUTURAL, USINADO BOMBEADO, COM FCK 25 MPA, INCLUSIVE LANÇAMENTO, ADENSAMENTO E ACABAMENTO | E29: M3 | F29: =('MEMÓRIA DE CÁLCULO'!H94) -> 6.7 | G29: 697.36 | H29: =ROUND((G29+(G29*$I$10)),2) -> 859.71 | I29: =ROUND((F29*H29),2) -> 5760.06
B30: 2.2.2 | C30: ED-51107 | D30: ESCAVAÇÃO MANUAL DE VALA COM PROFUNDIDADE MENOR OU IGUAL A 1,5M, INCLUSIVE DESCARGA LATERAL | E30: M3 | F30: =('MEMÓRIA DE CÁLCULO'!H103) -> 12.2 | G30: 77.29 | H30: =ROUND((G30+(G30*$I$10)),2) -> 95.28 | I30: =ROUND((F30*H30),2) -> 1162.42
B31: 2.2.3 | C31: ED-49811 | D31: FORMA E DESFORMA DE COMPENSADO RESINADO, ESP. 12 MM, REAPROVEITAMENTO (3X) (FUNDAÇÃO) | E31: M2 | F31: =('MEMÓRIA DE CÁLCULO'!H113) -> 33.48 | G31: 73.45 | H31: =ROUND((G31+(G31*$I$10)),2) -> 90.55 | I31: =ROUND((F31*H31),2) -> 3031.61
B32: 2.2.4 | C32: ED-48298 | D32: CORTE, DOBRA E MONTAGEM DE AÇO CA-50/60, INCLUSIVE ESPAÇADOR | E32: KG | F32: =('MEMÓRIA DE CÁLCULO'!H122) -> 496.61 | G32: 13.68 | H32: =ROUND((G32+(G32*$I$10)),2) -> 16.86 | I32: =ROUND((F32*H32),2) -> 8372.84
B33: 2.2.5 | C33: ED-50764 | D33: REVESTIMENTO COM IMPERMEABILIZANTE EM DUAS (2) CAMADAS SOBREPOSTAS DE ARGAMASSA, TRAÇO 1:3 (CIMENTO E AREIA) COM ADITIVO IMPERMEABILIZANTE, ESP. 20MM, INCLUSIVE PINTURA COM DUAS (2) DEMÃOS COM EMULSÃO ASFÁLTICA | E33: M2 | F33: =('MEMÓRIA DE CÁLCULO'!H133) -> 98.64 | G33: 78.63 | H33: =ROUND((G33+(G33*$I$10)),2) -> 96.94 | I33: =ROUND((F33*H33),2) -> 9562.16
B34: 2.2.6 | C34: ED-51120 | D34: REATERRO MANUAL DE VALA, INCLUSIVE ESPALHAMENTO E COMPACTAÇÃO MANUAL COM SOQUETE | E34: M3 | F34: =('MEMÓRIA DE CÁLCULO'!H142) -> 5.5 | G34: 77.29 | H34: =ROUND((G34+(G34*$I$10)),2) -> 95.28 | I34: =ROUND((F34*H34),2) -> 524.04
B35: 2.2.7 | C35: ED-51093 | D35: APILOAMENTO MANUAL EM FUNDO DE VALA COM SOQUETE, EXCLUSIVE ESCAVAÇÃO | E35: M2 | F35: =('MEMÓRIA DE CÁLCULO'!H151) -> 22.32 | G35: 26.06 | H35: =ROUND((G35+(G35*$I$10)),2) -> 32.13 | I35: =ROUND((F35*H35),2) -> 717.14
B36: 2.2.8 | C36: ED-49812 | D36: LASTRO DE CONCRETO MAGRO, INCLUSIVE TRANSPORTE, LANÇAMENTO E ADENSAMENTO | E36: M3 | F36: =('MEMÓRIA DE CÁLCULO'!H156) -> 1.12 | G36: 618.69 | H36: =ROUND((G36+(G36*$I$10)),2) -> 762.72 | I36: =ROUND((F36*H36),2) -> 854.25
B37: 2.3 | D37: VIGA BALDRAME
B38: 2.3.1 | C38: ED-49638 | D38: FORNECIMENTO DE CONCRETO ESTRUTURAL, USINADO BOMBEADO, COM FCK 25 MPA, INCLUSIVE LANÇAMENTO, ADENSAMENTO E ACABAMENTO | E38: M3 | F38: =('MEMÓRIA DE CÁLCULO'!H198) -> 12.84 | G38: 697.36 | H38: =ROUND((G38+(G38*$I$10)),2) -> 859.71 | I38: =ROUND((F38*H38),2) -> 11038.68
B39: 2.3.2 | C39: ED-49811 | D39: FORMA E DESFORMA DE COMPENSADO RESINADO, ESP. 12 MM, REAPROVEITAMENTO (3X) (FUNDAÇÃO) | E39: M2 | F39: =('MEMÓRIA DE CÁLCULO'!H207) -> 136.29 | G39: 73.45 | H39: =ROUND((G39+(G39*$I$10)),2) -> 90.55 | I39: =ROUND((F39*H39),2) -> 12341.06
B40: 2.3.3 | C40: ED-51107 | D40: ESCAVAÇÃO MANUAL DE VALA COM PROFUNDIDADE MENOR OU IGUAL A 1,5M, INCLUSIVE DESCARGA LATERAL | E40: M3 | F40: =('MEMÓRIA DE CÁLCULO'!H214) -> 11.95 | G40: 77.29 | H40: =ROUND((G40+(G40*$I$10)),2) -> 95.28 | I40: =ROUND((F40*H40),2) -> 1138.6
B41: 2.3.4 | C41: ED-51093 | D41: APILOAMENTO MANUAL EM FUNDO DE VALA COM SOQUETE, EXCLUSIVE ESCAVAÇÃO | E41: M2 | F41: =('MEMÓRIA DE CÁLCULO'!H221) -> 34.16 | G41: 26.06 | H41: =ROUND((G41+(G41*$I$10)),2) -> 32.13 | I41: =ROUND((F41*H41),2) -> 1097.56
B42: 2.3.5 | C42: ED-49812 | D42: LASTRO DE CONCRETO MAGRO, INCLUSIVE TRANSPORTE, LANÇAMENTO E ADENSAMENTO | E42: M3 | F42: =('MEMÓRIA DE CÁLCULO'!H228) -> 1.14 | G42: 618.69 | H42: =ROUND((G42+(G42*$I$10)),2) -> 762.72 | I42: =ROUND((F42*H42),2) -> 869.5
B43: 2.3.6 | C43: ED-48298 | D43: CORTE, DOBRA E MONTAGEM DE AÇO CA-50/60, INCLUSIVE ESPAÇADOR | E43: KG | F43: =('MEMÓRIA DE CÁLCULO'!H238) -> 946.96 | G43: 13.68 | H43: =ROUND((G43+(G43*$I$10)),2) -> 16.86 | I43: =ROUND((F43*H43),2) -> 15965.75
B44: 2.3.7 | C44: ED-50764 | D44: REVESTIMENTO COM IMPERMEABILIZANTE EM DUAS (2) CAMADAS SOBREPOSTAS DE ARGAMASSA, TRAÇO 1:3 (CIMENTO E AREIA) COM ADITIVO IMPERMEABILIZANTE, ESP. 20MM, INCLUSIVE PINTURA COM DUAS (2) DEMÃOS COM EMULSÃO ASFÁLTICA | E44: M2 | F44: =('MEMÓRIA DE CÁLCULO'!H246) -> 68.31 | G44: 78.63 | H44: =ROUND((G44+(G44*$I$10)),2) -> 96.94 | I44: =ROUND((F44*H44),2) -> 6621.97
B45: 2.3.8 | C45: ED-51120 | D45: REATERRO MANUAL DE VALA, INCLUSIVE ESPALHAMENTO E COMPACTAÇÃO MANUAL COM SOQUETE | E45: M3 | F45: =('MEMÓRIA DE CÁLCULO'!H253) -> 5.69 | G45: 77.29 | H45: =ROUND((G45+(G45*$I$10)),2) -> 95.28 | I45: =ROUND((F45*H45),2) -> 542.14
F46: Subtotal | I46: =SUM(I24:I45) -> 91632.48
B47: 3 | D47: SUPERESTRUTURA
B48: 3.1 | D48: PILAR
B49: 3.1.1 | C49: ED-49630 | D49: FORNECIMENTO DE CONCRETO ESTRUTURAL, USINADO, COM FCK 25 MPA, INCLUSIVE LANÇAMENTO, ADENSAMENTO E ACABAMENTO | E49: M3 | F49: =('MEMÓRIA DE CÁLCULO'!H273) -> 5.81 | G49: 730.66 | H49: =ROUND((G49+(G49*$I$10)),2) -> 900.76 | I49: =ROUND((F49*H49),2) -> 5233.42
B50: 3.1.2 | C50: 92427 | D50: MONTAGEM E DESMONTAGEM DE FÔRMA DE PILARES RETANGULARES E ESTRUTURAS SIMILARES, PÉ-DIREITO SIMPLES, EM CHAPA DE MADEIRA COMPENSADA RESINADA, 8 UTILIZAÇÕES. AF_09/2020 | E50: M2 | F50: =('MEMÓRIA DE CÁLCULO'!H318) -> 184.85 | G50: 66.01 | H50: =ROUND((G50+(G50*$I$10)),2) -> 81.38 | I50: =ROUND((F50*H50),2) -> 15043.09
B51: 3.1.3 | C51: ED-48298 | D51: CORTE, DOBRA E MONTAGEM DE AÇO CA-50/60, INCLUSIVE ESPAÇADOR | E51: KG | F51: =('MEMÓRIA DE CÁLCULO'!H326) -> 415.63 | G51: 13.68 | H51: =ROUND((G51+(G51*$I$10)),2) -> 16.86 | I51: =ROUND((F51*H51),2) -> 7007.52
B52: 3.2 | D52: VIGA
B53: 3.2.1 | C53: ED-49630 | D53: FORNECIMENTO DE CONCRETO ESTRUTURAL, USINADO, COM FCK 25 MPA, INCLUSIVE LANÇAMENTO, ADENSAMENTO E ACABAMENTO | E53: M3 | F53: =('MEMÓRIA DE CÁLCULO'!H336) -> 6.61875 | G53: 730.66 | H53: =ROUND((G53+(G53*$I$10)),2) -> 900.76 | I53: =ROUND((F53*H53),2) -> 5961.91
B54: 3.2.2 | C54: 92472 | D54: MONTAGEM E DESMONTAGEM DE FÔRMA DE VIGA, ESCORAMENTO METÁLICO, PÉ-DIREITO SIMPLES, EM CHAPA DE MADEIRA PLASTIFICADA, 12 UTILIZAÇÕES. AF_09/2020 | E54: M2 | F54: =('MEMÓRIA DE CÁLCULO'!H346) -> 83.21 | G54: 111.57 | H54: =ROUND((G54+(G54*$I$10)),2) -> 137.54 | I54: =ROUND((F54*H54),2) -> 11444.7
B55: 3.2.3 | C55: ED-48298 | D55: CORTE, DOBRA E MONTAGEM DE AÇO CA-50/60, INCLUSIVE ESPAÇADOR | E55: KG | F55: =('MEMÓRIA DE CÁLCULO'!H370) -> 752.48292 | G55: 13.98 | H55: =ROUND((G55+(G55*$I$10)),2) -> 17.23 | I55: =ROUND((F55*H55),2) -> 12965.28
B56: 3.3 | D56: LAJE
B57: 3.3.3 | C57: ED-29582 | D57: ARMADURA DE TELA DE AÇO CA-60, SOLDADA TIPO Q-138, DIÂMETRO Ø4,2MM, TRAMA COM DIMENSÃO (100X100)MM, INCLUSIVE ESPAÇADOR, EXCLUSIVE CONCRETO | E57: M2 | F57: =('MEMÓRIA DE CÁLCULO'!H379) -> 202.275 | G57: 29.9 | H57: =ROUND((G57+(G57*$I$10)),2) -> 36.86 | I57: =ROUND((F57*H57),2) -> 7455.86
B58: 3.3.4 | C58: ED-19637 | D58: CIMBRAMENTO PARA LAJE PRÉ-MOLDADA COM ESCORAMENTO METÁLICO, TIPO "A", ALTURA DE (200 ATÉ 310)CM, INCLUSIVE DESCARGA, MONTAGEM, DESMONTAGEM E CARGA | E58: M2XMES | F58: =('MEMÓRIA DE CÁLCULO'!H386) -> 202.275 | G58: 23.47 | H58: =ROUND((G58+(G58*$I$10)),2) -> 28.93 | I58: =ROUND((F58*H58),2) -> 5851.82
B59: 3.3.5 | C59: ED-50261 | D59: LAJE PRÉ-MOLDADA UNIDIRECIONAL COM ENCHIMENTO EM POLIESTIRENO EXPANDIDO (EPS), CAPEAMENTO DE 4CM, SOBRECARGA DE 300KG/M2, ALTURA TOTAL DE 11CM E VÃO LIVRE MÁXIMO DE 5M, INCLUSIVE CONCRETO ESTRUTURAL, USINADO BOMBEADO COM FCK DE 20MPA, EXCLUSIVE TELA ARMADA E CIMBRAMENTO | E59: M2 | F59: =('MEMÓRIA DE CÁLCULO'!H393) -> 202.275 | G59: 185.9 | H59: =ROUND((G59+(G59*$I$10)),2) -> 229.18 | I59: =ROUND((F59*H59),2) -> 46357.38
B60: 3.4 | D60: VERGA E CONTRA-VERGA
B61: 3.4.1 | C61: ED-9906 | D61: VERGA OU CONTRAVERGA EM CONCRETO ESTRUTURAL PARA VÃOS ACIMA DE 150CM, PREPARADO EM OBRA COM BETONEIRA, CONTROLE "A", COM FCK 20 MPA, MOLDADA IN LOCO, INCLUSIVE ARMAÇÃO. | E61: M3 | F61: ='MEMÓRIA DE CÁLCULO'!H404 -> 0.603 | G61: 3718.88 | H61: =ROUND((G61+(G61*$I$10)),2) -> 4584.64 | I61: =ROUND((F61*H61),2) -> 2764.54
F62: Subtotal | I62: =SUM(I49:I61) -> 120085.52
B63: 4 | D63: SISTEMA DE VEDAÇÃO VERTICAL
B64: 4.1 | D64: ALVENARIA DE VEDAÇÃO
B65: 4.1.1 | C65: ED-48232 | D65: ALVENARIA DE VEDAÇÃO COM TIJOLO CERÂMICO FURADO, ESP.14CM, PARA REVESTIMENTO, INCLUSIVE ARGAMASSA PARA ASSENTAMENTO | E65: M2 | F65: =('MEMÓRIA DE CÁLCULO'!H420) -> 209.46 | G65: 73.61 | H65: =ROUND((G65+(G65*$I$10)),2) -> 90.75 | I65: =ROUND((F65*H65),2) -> 19008.5
B66: 4.1.2 | C66: 93202 | D66: =UPPER("Encunhamento (aperto de alvenaria) com tijolos cerâmicos maciços 5,7x9x19cm em ½ vez (e= 9cm); assentamento com argamassa traço 1:2:8 (cimento, cal e areia)") -> ENCUNHAMENTO (APERTO DE ALVENARIA) COM TIJOLOS CERÂMICOS MACIÇOS 5,7X9X19CM EM ½ VEZ (E= 9CM); ASSENTAMENTO COM ARGAMASSA TRAÇO 1:2:8 (CIMENTO, CAL E AREIA) | E66: M | F66: =('MEMÓRIA DE CÁLCULO'!H432) -> 115.8 | G66: 31.24 | H66: =ROUND((G66+(G66*$I$10)),2) -> 38.51 | I66: =ROUND((F66*H66),2) -> 4459.46
B67: 4.2 | D67: ALVENARIA PARA ALICERCE | H67: =ROUND((G67+(G67*$I$10)),2) -> 0 | I67: =ROUND((F67*H67),2) -> 0
B68: 4.2.1 | C68: ED-48196 | D68: ALVENARIA DE VEDAÇÃO COM BLOCO DE CONCRETO, ESP. 19CM, INCLUSIVE ARGAMASSA PARA ASSENTAMENTO | E68: M2 | F68: =('MEMÓRIA DE CÁLCULO'!H443) -> 119.3025 | G68: 91.99 | H68: =ROUND((G68+(G68*$I$10)),2) -> 113.41 | I68: =ROUND((F68*H68),2) -> 13530.1
F69: Subtotal | I69: =SUM(I64:I68) -> 36998.06
B70: 5 | D70: ESQUADRIAS
B71: 5.1 | C71: ED-29480 | D71: PORTA VENEZIANA EM ALUMÍNIO COMPLETA, DIMENSÃO (90X210 CM, TIPO DE ABRIR, COM UMA (1) FOLHA, LINHA 25/SUPREMA, ACABAMENTO BRANCO, INCLUSIVE PERFIS, FERRAGENS E INSTALAÇÃO | E71: UNID | F71: 4 | G71: 1986.6 | H71: =ROUND((G71+(G71*$I$10)),2) -> 2449.08 | I71: =ROUND((F71*H71),2) -> 9796.32
B72: 5.2 | C72: 94573 | D72: JANELA DE ALUMÍNIO BRANCO, DE CORRER COM 4 FOLHAS PARA VIDROS (VIDROS TEMPERADOS 8MM INCLUSOS), COM BANDEIRA, BATENTE/REQUADRO 6 A 14 CM, ACABAMENTO COM ACETATO OU BRILHANTE, FIXAÇÃO COM PARAFUSO, GUARNIÇÃO/ ALIZAR, VEDAÇÃO COM SILICONE,FORNECIMENTO E INSTALAÇÃO. AF_11/2024 | E72: M2 | F72: =('MEMÓRIA DE CÁLCULO'!H461) -> 7.5 | G72: 338.57 | H72: =ROUND((G72+(G72*$I$10)),2) -> 417.39 | I72: =ROUND((F72*H72),2) -> 3130.43
F73: Subtotal | I73: =SUM(I71:I72) -> 12926.75
B74: 6 | D74: SISTEMAS DE COBERTURA
B75: 6.1 | C75: 100379 | D75: =UPPER("Fabricação e instalação de pontaletes de madeira não aparelhada para telhados com até 2 águas e com telha cerâmica") -> FABRICAÇÃO E INSTALAÇÃO DE PONTALETES DE MADEIRA NÃO APARELHADA PARA TELHADOS COM ATÉ 2 ÁGUAS E COM TELHA CERÂMICA | E75: M2 | F75: =('MEMÓRIA DE CÁLCULO'!H470) -> 204.135 | G75: 50.73 | H75: =ROUND((G75+(G75*$I$10)),2) -> 62.54 | I75: =ROUND((F75*H75),2) -> 12766.6
B76: 6.2 | C76: 92539 | D76: =UPPER("Trama de madeira composta por ripas, caibros e terças, para telhados de até 2 águas com telha de encaixe de cerâmica ou de concreto") -> TRAMA DE MADEIRA COMPOSTA POR RIPAS, CAIBROS E TERÇAS, PARA TELHADOS DE ATÉ 2 ÁGUAS COM TELHA DE ENCAIXE DE CERÂMICA OU DE CONCRETO | E76: M2 | F76: =('MEMÓRIA DE CÁLCULO'!H477) -> 240.975 | G76: 110.81 | H76: =ROUND((G76+(G76*$I$10)),2) -> 136.61 | I76: =ROUND((F76*H76),2) -> 32919.59
B77: 6.3 | C77: 94445 | D77: TELHAMENTO COM TELHA CERÂMICA CAPA-CANAL, TIPO PLAN, COM ATÉ 2 ÁGUAS, INCLUSO TRANSPORTE VERTICAL. AF_07/2019. | E77: M2 | F77: =('MEMÓRIA DE CÁLCULO'!H484) -> 240.975 | G77: 97.66 | H77: =ROUND((G77+(G77*$I$10)),2) -> 120.4 | I77: =ROUND((F77*H77),2) -> 29013.39
B78: 6.4 | C78: 94221 | D78: CUMEEIRA PARA TELHA CERÂMICA EMBOÇADA COM ARGAMASSA TRAÇO 1:2:9 (CIMENTO, CAL E AREIA) PARA TELHADOS COM ATÉ 2 ÁGUAS, INCLUSO TRANSPORTE VERTICAL. AF_07/2019 | E78: M | F78: =('MEMÓRIA DE CÁLCULO'!H491) -> 22.95 | G78: 41.52 | H78: =ROUND((G78+(G78*$I$10)),2) -> 51.19 | I78: =ROUND((F78*H78),2) -> 1174.81
B79: 6.5 | C79: ED-50663 | D79: CALHA EM CHAPA GALVANIZADA, ESP. 0,5MM (GSG-26), COM DESENVOLVIMENTO DE 50CM, INCLUSIVE IÇAMENTO MANUAL VERTICAL | E79: M | F79: =('MEMÓRIA DE CÁLCULO'!H498) -> 22.95 | G79: 58.82 | H79: =ROUND((G79+(G79*$I$10)),2) -> 72.51 | I79: =ROUND((F79*H79),2) -> 1664.1
B80: 6.6 | C80: ED-28551 | D80: CONDUTOR DE ÁGUAS PLUVIAIS RETANGULAR EM AÇO GALVANIZADO, DIMENSÃO (43X85)MM, , ESP. 0,43MM (GSG-28), INCLUSIVE CONEXÕES E SUPORTES | E80: M | F80: =('MEMÓRIA DE CÁLCULO'!H507) -> 40.7 | G80: 63.66 | H80: =ROUND((G80+(G80*$I$10)),2) -> 78.48 | I80: =ROUND((F80*H80),2) -> 3194.14
B81: 6.7 | C81: ED-48406 | D81: EMBOÇAMENTO DE TELHA CERÂMICA COM ARGAMASSA, TRAÇO 1:2:9 (CIMENTO, CAL E AREIA), COM PREPARO MECANIZADO, EXCLUSIVE TELHA | E81: M | F81: =('MEMÓRIA DE CÁLCULO'!H514) -> 112.8 | G81: 17.93 | H81: =ROUND((G81+(G81*$I$10)),2) -> 22.1 | I81: =ROUND((F81*H81),2) -> 2492.88
B82: 6.8 | C82: 94231 | D82: =UPPER("Rufo em chapa de aço galvanizado") -> RUFO EM CHAPA DE AÇO GALVANIZADO | E82: M | F82: =('MEMÓRIA DE CÁLCULO'!H522) -> 45.9 | G82: 56.94 | H82: =ROUND((G82+(G82*$I$10)),2) -> 70.2 | I82: =ROUND((F82*H82),2) -> 3222.18
B83: 6.9 | C83: COTAÇÃO | D83: COBERTURA EM POLICARBONATO INCLUSIVE ESTRUTURA EM ALUMÍNIO, EM ARCO. | E83: M2 | F83: =('MEMÓRIA DE CÁLCULO'!H528) -> 13.2881 | G83: 450 | H83: =ROUND((G83+(G83*$I$10)),2) -> 554.76 | I83: =ROUND((F83*H83),2) -> 7371.71
F84: Subtotal | I84: =SUM(I75:I83) -> 93819.4
B86: 7 | D86: REVESTIMENTOS INTERNO E EXTERNO
B87: 7.1 | C87: 87878 | D87: CHAPISCO APLICADO EM ALVENARIAS E ESTRUTURAS DE CONCRETO INTERNAS E EXTERNAS, COM COLHER DE PEDREIRO. ARGAMASSA TRAÇO 1:3 COM PREPARO MANUAL. AF_10/2022 | E87: M2 | F87: =('MEMÓRIA DE CÁLCULO'!H558) -> 642.847 | G87: 5.64 | H87: =ROUND((G87+(G87*$I$10)),2) -> 6.95 | I87: =ROUND((F87*H87),2) -> 4467.79
B88: 7.2 | C88: ED-9066 | D88: =UPPER("Revestimento de gesso em teto, Esp. De 5mm, aplicação manual (sarrafeado)") -> REVESTIMENTO DE GESSO EM TETO, ESP. DE 5MM, APLICAÇÃO MANUAL (SARRAFEADO) | E88: M2 | F88: =('MEMÓRIA DE CÁLCULO'!H569) -> 187.29 | G88: 27.08 | H88: =ROUND((G88+(G88*$I$10)),2) -> 33.38 | I88: =ROUND((F88*H88),2) -> 6251.74
B89: 7.3 | C89: 87535 | D89: EMBOÇO, PARA RECEBIMENTO DE CERÂMICA, EM ARGAMASSA TRAÇO 1:2:8, PREPARO MECÂNICO COM BETONEIRA 400L, APLICADO MANUALMENTE EM FACES INTERNAS DE PAREDES, PARA AMBIENTE COM ÁREA MAIOR QUE 10M2, ESPESSURA DE 20MM, COM EXECUÇÃO DE TALISCAS. AF_06/2014 | E89: M2 | F89: =('MEMÓRIA DE CÁLCULO'!H579) -> 178.45 | G89: 37.91 | H89: =ROUND((G89+(G89*$I$10)),2) -> 46.74 | I89: =ROUND((F89*H89),2) -> 8340.75
B90: 7.4 | C90: ED-50761 | D90: REBOCO COM ARGAMASSA, TRAÇO 1:2:8 (CIMENTO, CAL E AREIA) , ESP. 20MM, APLICAÇÃO MANUAL, INCLUSIVE ARGAMASSA COM PREPARO MECANIZADO, EXCLUSIVE CHAPISCO | E90: M2 | F90: =('MEMÓRIA DE CÁLCULO'!H586) -> 464.397 | G90: 39.91 | H90: =ROUND((G90+(G90*$I$10)),2) -> 49.2 | I90: =ROUND((F90*H90),2) -> 22848.33
B91: 7.5 | C91: ED-50736 | D91: REVESTIMENTO DE GESSO EM PAREDE, ESP. 5MM, APLICAÇÃO MANUAL, INCLUSIVE ACABAMENTO SARRAFEADO | E91: M2 | F91: =('MEMÓRIA DE CÁLCULO'!H593) -> 226.1125 | G91: 23.12 | H91: =ROUND((G91+(G91*$I$10)),2) -> 28.5 | I91: =ROUND((F91*H91),2) -> 6444.21
B92: 7.6 | C92: 87273 | D92: REVESTIMENTO CERÂMICO PARA PAREDES INTERNAS COM PLACAS TIPO ESMALTADA EXTRA DE DIMENSÕES 33X45 CM APLICADAS NA ALTURA INTEIRA DAS PAREDES. AF_02/2023_PE | E92: M2 | F92: =('MEMÓRIA DE CÁLCULO'!H604) -> 166.4 | G92: 70.33 | H92: =ROUND((G92+(G92*$I$10)),2) -> 86.7 | I92: =ROUND((F92*H92),2) -> 14426.88
B93: 7.7 | C93: ED-50750 | D93: REVESTIMENTO COM PASTILHAS DE PORCELANA, ASSENTADO COM ARGAMASSA PRÉ-FABRICADA, INCLUSIVE REJUNTAMENTO | E93: M2 | F93: =('MEMÓRIA DE CÁLCULO'!H614) -> 12.05 | G93: 303.37 | H93: =ROUND((G93+(G93*$I$10)),2) -> 373.99 | I93: =ROUND((F93*H93),2) -> 4506.58
F94: Subtotal | I94: =SUM(I87:I93) -> 67286.28
B95: 8 | D95: SISTEMAS DE PISOS
B96: 8+1 | D96: PAVIMENTAÇÃO INTERNA
B97: 8.1.1 | C97: 87630 | D97: CONTRAPISO EM ARGAMASSA TRAÇO 1:4 (CIMENTO E AREIA), PREPARO MECÂNICO COM BETONEIRA 400 L, APLICADO EM ÁREAS SECAS SOBRE LAJE, ADERIDO, ACABAMENTO NÃO REFORÇADO, ESPESSURA 3CM. AF_07/2021 | E97: M2 | F97: =('MEMÓRIA DE CÁLCULO'!H627) -> 187.29 | G97: 45.51 | H97: =ROUND((G97+(G97*$I$10)),2) -> 56.1 | I97: =ROUND((F97*H97),2) -> 10506.97
B98: 8.1.2 | C98: ED-13286 | D98: CAMADA DE REGULARIZAÇÃO COM ARGAMASSA, TRAÇO 1:3 (CIMENTO E AREIA), ESP. 15MM, APLICAÇÃO MANUAL, INCLUSIVE ARGAMASSA COM PREPARO MECANIZADO | E98: M2 | F98: =('MEMÓRIA DE CÁLCULO'!H637) -> 187.29 | G98: 37.01 | H98: =ROUND((G98+(G98*$I$10)),2) -> 45.63 | I98: =ROUND((F98*H98),2) -> 8546.04
B99: 8.1.3 | C99: ED-50753 | D99: REVESTIMENTO COM PORCELANATO APLICADO EM PISO, ACABAMENTO ESMALTADO ACETINADO, AMBIENTE INTERNO/EXTERNO, PADRÃO EXTRA, BORDA RETIFICADA, ASSENTAMENTO COM ARGAMASSA INDUSTRIALIZADA, INCLUSIVE REJUNTAMENTO | E99: M2 | F99: =('MEMÓRIA DE CÁLCULO'!H647) -> 187.29 | G99: 104.55 | H99: =ROUND((G99+(G99*$I$10)),2) -> 128.89 | I99: =ROUND((F99*H99),2) -> 24139.81
B100: 8.1.4 | C100: ED-51002 | D100: SOLEIRA DE GRANITO, COR CINZA ANDORINHA, ESP. 2CM, ACABAMENTO POLIDO, ASSENTAMENTO COM ARGAMASSA INDUSTRIALIZADA, INCLUSIVE REJUNTAMENTO | E100: M2 | F100: 0.81 | G100: 331.47 | H100: =ROUND((G100+(G100*$I$10)),2) -> 408.64 | I100: =ROUND((F100*H100),2) -> 331
B101: 8.1.5 | C101: ED-50753 | D101: REVESTIMENTO COM PORCELANATO APLICADO EM PISO, PARA RODAPÉ | E101: M2 | F101: =('MEMÓRIA DE CÁLCULO'!H666) -> 12.339 | G101: 104.55 | H101: =ROUND((G101+(G101*$I$10)),2) -> 128.89 | I101: =ROUND((F101*H101),2) -> 1590.37
B102: 8.2 | D102: PAVIMENTAÇÃO EXTERNA
B103: 8.2.1 | C103: 87630 | D103: CONTRAPISO EM ARGAMASSA TRAÇO 1:4 (CIMENTO E AREIA), PREPARO MECÂNICO COM BETONEIRA 400 L, APLICADO EM ÁREAS SECAS SOBRE LAJE, ADERIDO, ACABAMENTO NÃO REFORÇADO, ESPESSURA 3CM. AF_07/2021 | E103: M2 | F103: =('MEMÓRIA DE CÁLCULO'!H678) -> 99.6751 | G103: 45.51 | H103: =ROUND((G103+(G103*$I$10)),2) -> 56.1 | I103: =ROUND((F103*H103),2) -> 5591.77
B104: 8.2.2 | C104: 98679 | D104: PISO CIMENTADO, TRAÇO 1:3 (CIMENTO E AREIA), ACABAMENTO LISO, ESPESSURA 2,0 CM, PREPARO MECÂNICO DA ARGAMASSA. AF_09/2020 | E104: M2 | F104: =('MEMÓRIA DE CÁLCULO'!H688) -> 99.6751 | G104: 45.52 | H104: =ROUND((G104+(G104*$I$10)),2) -> 56.12 | I104: =ROUND((F104*H104),2) -> 5593.77
F105: Subtotal | I105: =SUM(I97:I104) -> 56299.73
B106: 9 | D106: PINTURAS E ACABAMENTOS
...

Sheet MEMÓRIA DE CÁLCULO
A1: PREFEITURA MUNICIPAL DE CAREÇU Estado de Minas Gerais CNPJ 17.935.288/0001-15
A3: MEMÓRIA DE CÁLCULO
A5: PREFEITURA: PREFEITURA MUNICIPAL DE CAREÇU
A6: OBRA: AMPLIAÇÃO DA ESCOLA MUNICIPAL COMENDADOR ANTÔNIO FLORÊNCIO NOGUEIRA
A7: LOCAL: AV. SATURNINO DE FARIA | G7: DATA: | H7: =TODAY() -> 46069
A10: AMPLIAÇÃO
A12: 1 | B12: SERVIÇOS PRELIMINARES
A14: 1.1 | B14: FORNECIMENTO E COLOCAÇÃO DE PLACA DE OBRA EM CHAPA GALVANIZADA (3,00 X 1,5 0 M) - EM CHAPA GALVANIZADA 0,26 AFIXADAS COM REBITES 540 E PARAFUSOS 3/8, EM ESTRUTURA METÁLICA VIGA U 2" ENRIJECIDA COM METALON 20 X 20, SUPORTE EM EUCALIPTO AUTOCLAVADO PINTADAS
B16: QUANTIDADE | H16: 1 | I16: UNID
A18: 1.2 | B18: PORTÃO PARA TAPUME FIXO DE PROTEÇÃO COM FECHAMENTO DE OBRA EM CHAPA DE COMPENSADO, ESP. 12MM, COM MÓDULO NA DIMENSÃO DE (110X220)CM, INCLUSIVE FERRAGENS E PINTURA LÁTEX (PVA) COM DUAS (2) DEMÃOS
F20: COMPR. | G20: ALT. | H20: TOTAL | I20: UNID
F21: 1.1 | G21: 2.2 | H21: =ROUND((F21*G21),2) -> 2.42 | I21: M2
B23: QUANTIDADE | H23: =SUM(H21) -> 2.42 | I23: M2
A25: 1.3 | B25: TAPUME FIXO DE PROTEÇÃO PARA FECHAMENTO DE OBRA EM TELHA METÁLICA GALVANIZADA, TIPO TRAPEZOIDAL, ESP. 0,5MM, COM MÓDULO NA DIMENSÃO DE (300X220)CM, COM REAPROVEITAMENTO, EXCLUSIVE PINTURA ESMALTE, INCLUSIVE PONTALETE E FIXAÇÃO.
F27: COMPR. | G27: ALT. | H27: TOTAL | I27: UNID
F28: 18 | G28: 2.2 | H28: =ROUND((F28*G28),2) -> 39.6 | I28: M2
B31: QUANTIDADE | H31: =SUM(H28) -> 39.6 | I31: M2
A33: 1.4 | B33: LOCAÇÃO DE OBRA COM GABARITO DE TÁBUAS CORRIDAS PONTALETADAS A CADA 2,00M, REAPROVEITAMENTO (2X), INCLUSIVE ACOMPANHAMENTO DE EQUIPE TOPOGRÁFICA PARA MARCAÇÃO DE PONTO TOPOGRÁFICO
G35: COMPRI. | H35: TOTAL | I35: UNID
G36: 21.75 | H36: =G36 -> 21.75 | I36: M
G37: 21.75 | H37: =G37 -> 21.75 | I37: M
G38: 9.3 | H38: =G38 -> 9.3 | I38: M
G39: 9.3 | H39: =G39 -> 9.3 | I39: M
B40: QUANTIDADE | H40: =SUM(H36:H39) -> 62.1 | I40: M
A42: 1.5 | B42: LIMPEZA MANUAL DE VEGETAÇÃO EM TERRENO COM ENXADA
F44: COMP. | G44: LARG | H44: TOTAL | I44: UNID
F45: 26 | G45: 12 | H45: =ROUND((F45*G45),2) -> 312 | I45: M2
B47: QUANTIDADE | H47: =SUM(H45) -> 312 | I47: M2
A49: 2 | B49: FUNDAÇÃO
A50: 2.1 | B50: ESTACA A TRADO
A53: 2.1.1 | B53: PERFURAÇÃO MANUAL DE ESTACA TIPO BROCA A TRADO, INCLUSIVE AFASTAMENTO, EXCLUSIVE ARMAÇÃO, CONCRETO ESTRUTURAL, TRANSPORTE E RETIRADA DO MATERIAL ESCAVADO
E55: QUANT. | F55: COMPRI. | G55: ÁREA | H55: TOTAL | I55: UNID
E56: 62 | F56: 3 | G56: =(3.14*0.25^2)/4 -> 0.0490625 | H56: =ROUND((G56*F56*E56),2) -> 9.13 | I56: M3
E58: =(E56*F56) -> 186
B60: QUANTIDADE | H60: =SUM(H56) -> 9.13 | I60: M3
A62: 2.1.2 | B62: FORNECIMENTO DE CONCRETO ESTRUTURAL, USINADO BOMBEADO, COM FCK 25MPA, INCLUSIVE LANÇAMENTO, ADENSAMENTO E ACABAMENTO
E64: QUANT. | F64: COMPRI. | G64: ÁREA | H64: TOTAL | I64: UNID
E65: 62 | F65: 3 | G65: =(3.14*0.25^2)/4 -> 0.0490625 | H65: =ROUND((G65*F65*E65),2) -> 9.13 | I65: M3
B69: QUANTIDADE | H69: =SUM(H65) -> 9.13 | I69: M3
A71: 2.1.3 | B71: CARGA, MANOBRA E DESCARGA DE SOLOS E MATERIAIS GRANULARES EM CAMINHÃO BASCULANTE 10 M³ - CARGA COM ESCAVADEIRA HIDRÁULICA (CAÇAMBA DE 1,20 M³ / 155 HP) E DESCARGA LIVRE (UNIDADE: M3). AF_07/2020
E73: QUANT. | F73: COMPRI. | G73: ÁREA | H73: TOTAL | I73: UNID
E74: 62 | F74: 3 | G74: =(3.14*0.25^2)/4 -> 0.0490625 | H74: =ROUND((G74*F74*E74),2) -> 9.13 | I74: M3
B76: QUANTIDADE | H76: =SUM(H74) -> 9.13 | I76: M3
A78: 2.1.4 | B78: CORTE, DOBRA E MONTAGEM DE AÇO CA50-A
D80: COMP. | E80: QUANT. | F80: PESO | H80: TOTAL | I80: UNID
D81: 1.5 | E81: 186 | F81: 0.245 | G81: MAIS 10% | H81: =ROUND((D81*E81*F81*1.1),2) -> 75.19 | I81: KG
B83: QUANTIDADE | H83: =SUM(H81:H81) -> 75.19 | I83: KG
A85: 2.2 | B85: BLOCO DE COROAMENTO
A87: 2.2.1 | B87: FORNECIMENTO DE CONCRETO ESTRUTURAL, USINADO BOMBEADO, COM FCK 25 MPA, INCLUSIVE LANÇAMENTO, ADENSAMENTO E ACABAMENTO
D89: QUANT | E89: LADO | F89: LADO | G89: ALT | H89: TOTAL | I89: UNID
A90: BLOCO | D90: 16 | E90: 0.6 | F90: 0.6 | G90: 0.3 | H90: =ROUND((G90*F90*E90*D90),2) -> 1.73 | I90: M3
D91: 15 | E91: 0.6 | F91: 1.2 | G91: 0.3 | H91: =ROUND((G91*F91*E91*D91),2) -> 3.24 | I91: M3
D92: 4 | E92: 1.2 | F92: 1.2 | G92: 0.3 | H92: =ROUND((G92*F92*E92*D92),2) -> 1.73 | I92: M3
B94: QUANTIDADE | H94: =SUM(H90:H93) -> 6.7 | I94: M3
A96: 2.2.2 | B96: ESCAVAÇÃO MANUAL DE VALAS H <= 1,50 M
D98: QUANT | E98: LADO | F98: LADO | G98: ALT | H98: TOTAL | I98: UNID
A99: BLOCO | D99: 16 | E99: 0.8 | F99: 0.8 | G99: 0.35 | H99: =ROUND((G99*F99*E99*D99),2) -> 3.58 | I99: M3
D100: 15 | E100: 0.8 | F100: 1.4 | G100: 0.35 | H100: =ROUND((G100*F100*E100*D100),2) -> 5.88 | I100: M3
D101: 4 | E101: 1.4 | F101: 1.4 | G101: 0.35 | H101: =ROUND((G101*F101*E101*D101),2) -> 2.74 | I101: M3
B103: QUANTIDADE | H103: =SUM(H99:H102) -> 12.2 | I103: M3
A105: 2.2.3 | B105: FORMA E DESFORMA DE COMPENSADO RESINADO, ESP. 12 MM, REAPROVEITAMENTO (3X) (FUNDAÇÃO)
D107: QUANT. BLOCO | E107: QUANT. LADO | F107: LADO | G107: ALT | H107: TOTAL | I107: UNID
A108: BLOCO | D108: 16 | E108: 4 | F108: 0.6 | G108: 0.3 | H108: =ROUND((G108*F108*E108*D108),2) -> 11.52 | I108: M2
D109: 15 | E109: 2 | F109: 0.6 | G109: 0.3 | H109: =ROUND((G109*F109*E109*D109),2) -> 5.4 | I109: M2
D110: 15 | E110: 2 | F110: 1.2 | G110: 0.3 | H110: =ROUND((G110*F110*E110*D110),2) -> 10.8 | I110: M2
D111: 4 | E111: 4 | F111: 1.2 | G111: 0.3 | H111: =ROUND((G111*F111*E111*D111),2) -> 5.76 | I111: M2
B113: QUANTIDADE | H113: =SUM(H108:H112) -> 33.48 | I113: M2
A115: 2.2.4 | B115: CORTE, DOBRA E MONTAGEM DE AÇO CA-50/60
D117: QUANT. BLOCO | E117: QUANT. FERRO | F117: COMP. FERRO | G117: PESO | H117: TOTAL | I117: UNID
A118: BLOCO | D118: 16 | E118: 6 | F118: 1.78 | G118: 0.624 | H118: =ROUND((G118*F118*E118*D118),2) -> 106.63 | I118: KG
D119: 15 | E119: 7 | F119: 1.78 | G119: 0.624 | H119: =ROUND((G119*F119*E119*D119),2) -> 116.63 | I119: KG
D120: 15 | E120: 5 | F120: 2.98 | G120: 0.624 | H120: =ROUND((G120*F120*E120*D120),2) -> 139.46 | I120: KG
D121: 4 | E121: 18 | F121: 2.98 | G121: 0.624 | H121: =ROUND((G121*F121*E121*D121),2) -> 133.89 | I121: KG
B122: QUANTIDADE | H122: =SUM(H118:H121) -> 496.61 | I122: KG
A124: 2.2.5 | B124: =('PLANILHA ORÇAMENTÁRIA'!D33) -> REVESTIMENTO COM IMPERMEABILIZANTE EM DUAS (2) CAMADAS SOBREPOSTAS DE ARGAMASSA, TRAÇO 1:3 (CIMENTO E AREIA) COM ADITIVO IMPERMEABILIZANTE, ESP. 20MM, INCLUSIVE PINTURA COM DUAS (2) DEMÃOS COM EMULSÃO ASFÁLTICA
E126: QUANT. | F126: LADO | G126: LADO | H126: TOTAL | I126: UNID
A127: BLOCO | E127: 16 | F127: 0.6 | G127: 0.6 | H127: =ROUND((G127*F127*E127),2) -> 5.76 | I127: M2
E128: 16 | F128: 2.4 | G128: 0.2 | H128: =ROUND((G128*F128*E128),2) -> 7.68 | I128: M2
E129: 15 | F129: 0.6 | G129: 1.2 | H129: =ROUND((G129*F129*E129),2) -> 10.8 | I129: M2
E130: 15 | F130: 3.6 | G130: 1.2 | H130: =ROUND((G130*F130*E130),2) -> 64.8 | I130: M2
E131: 4 | F131: 1.2 | G131: 1.2 | H131: =ROUND((G131*F131*E131),2) -> 5.76 | I131: M2
E132: 4 | F132: 4.8 | G132: 0.2 | H132: =ROUND((G132*F132*E132),2) -> 3.84 | I132: M2
B133: QUANTIDADE | H133: =SUM(H127:H132) -> 98.64 | I133: M2
A135: 2.2.6 | B135: REATERRO MANUAL DE VALA, INCLUSIVE ESPALHAMENTO E COMPACTAÇÃO MANUAL COM SOQUETE
A137: AMBIENTE | D137: VOL. ESCAVADO | F137: VOL. CONCRETO | H137: TOTAL | I137: UNID
A138: BLOCO | D138: =(H103) -> 12.2 | F138: =(H94) -> 6.7 | H138: =(D138-F138) -> 5.5 | I138: M3
F140: PROJ. ESTRUTURAL (PR 01-04)
B142: QUANTIDADE | H142: =(H138) -> 5.5 | I142: M3
A144: 2.2.7 | B144: APILOAMENTO MANUAL EM FUNDO DE VALA COM SOQUETE, EXCLUSIVE ESCAVAÇÃO
E146: QUANT. | F146: LADO | G146: LADO | H146: TOTAL | I146: UNID
A147: BLOCO | E147: 16 | F147: 0.6 | G147: 0.6 | H147: =ROUND((G147*F147*E147),2) -> 5.76 | I147: M2
E148: 15 | F148: 0.6 | G148: 1.2 | H148: =ROUND((G148*F148*E148),2) -> 10.8 | I148: M2
E149: 4 | F149: 1.2 | G149: 1.2 | H149: =ROUND((G149*F149*E149),2) -> 5.76 | I149: M2
B151: QUANTIDADE | H151: =SUM(H147:H150) -> 22.32 | I151: M2
A153: 2.2.8 | B153: LASTRO DE CONCRETO MAGRO, INCLUSIVE TRANSPORTE, LANÇAMENTO E ADENSAMENTO
F155: ÁREA | G155: LASTRO | H155: TOTAL | I155: UNID
A156: BLOCO | F156: =(H151) -> 22.32 | G156: 0.05 | H156: =ROUND((F156*G156),2) -> 1.12 | I156: M3
B158: QUANTIDADE | H158: =SUM(H156) -> 1.12 | I158: M3
A160: 2.3 | B160: VIGA BALDRAME
A162: 2.3.1 | B162: FORNECIMENTO DE CONCRETO ESTRUTURAL, USINADO BOMBEADO, COM FCK 25 MPA, INCLUSIVE LANÇAMENTO, ADENSAMENTO E ACABAMENTO
...

Sheet CRONOGRAMA
B1: PREFEITURA MUNICIPAL DE CAREAÇU Estado de Minas Gerais CNPJ 17.935.388/0001-15
B5: CRONOGRAMA FÍSICO-FINANCEIRO
B6: ÓRGÃO OU ENTIDADE ESTADUAL CONVENENTE: | F6: LOCAL: AV. SATURNINO DEM FARIA, 143, CEDNTRO CARREAÇU | K6: DATA | L6: =TODAY() -> 46069
B7: OBRA: AMPLIAÇÃO DA ESCOLA MUNICIPAL COMENDADOR ANTÔNIO FLORÊNCIO NOGUEIRA | F7: PRAZO DA OBRA: 7 MESES | I7: V. TOTAL = | J7: =(E41) -> 579488.78
B8: ITEM | C8: CÓDIGO | D8: ETAPAS/DESCRIÇÃO | E8: VALOR (R$) | F8: % ITEM | G8: 1 | H8: 2 | I8: 3 | J8: 4 | K8: 5 | L8: 6 | M8: 7
B9: AMPLIAÇÃO
B10: 1 | D10: SERVIÇOS PRELIMINARES | F10: =(E11/E41) -> 0.020769789 | G10: 1
E11: =('PLANILHA ORÇAMENTÁRIA'!I21) -> 12035.86 | G11: =(E11*G10) -> 12035.86
B12: 2 | D12: FUNDAÇÕES | F12: =(E13/E41) -> 0.15812641 | G12: 0.5 | H12: 0.5
E13: =('PLANILHA ORÇAMENTÁRIA'!I46) -> 91632.48 | G13: =(E13*G12) -> 45816.24 | H13: =(E13*H12) -> 45816.24
B14: 3 | D14: SUPERESTRUTURA | F14: =(E15/E41) -> 0.20722665 | H14: 0.4 | I14: 0.6
E15: =('PLANILHA ORÇAMENTÁRIA'!I62) -> 120085.52 | H15: =(E15*H14) -> 48034.208 | I15: =(I14*E15) -> 72051.312
B16: 4 | D16: SISTEMAS DE VEDAÇÃO VERTICAL | F16: =E17/E41 -> 0.063846033 | I16: 0.2 | J16: 0.4 | K16: 0.4
E17: =('PLANILHA ORÇAMENTÁRIA'!I69) -> 36998.06 | I17: =(I16*E17) -> 7399.612 | J17: =(J16*E17) -> 14799.224 | K17: =(K16*E17) -> 14799.224
B18: 5 | D18: ESQUADRIAS | F18: =E19/E41 -> 0.022307162 | K18: 0.5 | L18: 0.5
E19: =('PLANILHA ORÇAMENTÁRIA'!I73) -> 12926.75 | K19: =(K18*E19) -> 6463.375 | L19: =(L18*E19) -> 6463.375
B20: 6 | D20: SISTEMAS DE COBERTURA | F20: =E21/E41 -> 0.16190029 | J20: 0.5 | K20: 0.5
E21: =('PLANILHA ORÇAMENTÁRIA'!I84) -> 93819.4 | J21: =(J20*E21) -> 46909.7 | K21: =(K20*E21) -> 46909.7
B22: 8 | D22: REVESTIMENTOS INTERNO E EXTERNO | F22: =E23/E41 -> 0.11611317 | K22: 0.2 | L22: 0.6 | M22: 0.2
E23: =('PLANILHA ORÇAMENTÁRIA'!I94) -> 67286.28 | K23: =(K22*E23) -> 13457.256 | L23: =(L22*E23) -> 40371.768 | M23: =(M22*E23) -> 13457.256
B24: 9 | D24: SISTEMAS DE PISOS | F24: =E25/E41 -> 0.097154133 | L24: 0.5 | M24: 0.5
E25: =('PLANILHA ORÇAMENTÁRIA'!I105) -> 56299.73 | L25: =(L24*E25) -> 28149.865 | M25: =(M24*E25) -> 28149.865
B26: 10 | D26: PINTURAS E ACABAMENTOS | F26: =E27/E41 -> 0.037056455 | L26: 0.2 | M26: 0.8
E27: =('PLANILHA ORÇAMENTÁRIA'!I113) -> 21473.8 | L27: =(L26*E27) -> 4294.76 | M27: =(M26*E27) -> 17179.04
B28: 11 | D28: DRENAGEM DE ÁGUAS PLUVIAIS | F28: =E29/E41 -> 0.017382148 | L28: 0.9 | M28: 0.1
E29: =('PLANILHA ORÇAMENTÁRIA'!I118) -> 10072.76 | L29: =(L28*E29) -> 9065.484 | M29: =(M28*E29) -> 1007.276
B30: 12 | D30: SISTEMA DE PROTEÇÃO CONTRA INCÊNCIO | F30: =E31/E41 -> 0.0050769404 | M30: 1
E31: =('PLANILHA ORÇAMENTÁRIA'!I126) -> 2942.03 | M31: =(M30*E31) -> 2942.03
B32: 13 | D32: INSTALAÇÃO ELÉTRICA - (127V) | F32: =E33/E41 -> 0.051575597 | K32: 0.3 | L32: 0.3 | M32: 0.4
E33: =('PLANILHA ORÇAMENTÁRIA'!I144) -> 29887.48 | K33: =(K32*E33) -> 8966.244 | L33: =(L32*E33) -> 8966.244 | M33: =(M32*E33) -> 11954.992
B34: 14 | D34: SISTEMA DE PROTEÇÃO CONTRA DESCARGAS ATMOSFÉRICAS (SPDA) | F34: =E35/E41 -> 0.024923817 | H34: 0.2 | L34: 0.4 | M34: 0.4
E35: =('PLANILHA ORÇAMENTÁRIA'!I157) -> 14443.073 | H35: =(E35*H34) -> 2888.6145 | L35: =(L34*E35) -> 5777.229 | M35: =(M34*E35) -> 5777.229
B36: 15 | D36: SERVIÇOS COMPLEMENTARES | F36: =E37/E41 -> 0.012724681 | J36: 0.1 | L36: 0.3 | M36: 0.6
E37: =('PLANILHA ORÇAMENTÁRIA'!I176) -> 7373.81 | J37: =(J36*E37) -> 737.381 | L37: =(L36*E37) -> 2212.143 | M37: =(M36*E37) -> 4424.286
B38: 16 | D38: SERVIÇOS FINAIS | F38: =E39/E41 -> 0.0038167262 | M38: 1
E39: =('PLANILHA ORÇAMENTÁRIA'!I180) -> 2211.75 | M39: =(M38*E39) -> 2211.75
F40: =E41/E41 -> 1 | G40: =(G41/E41) -> 0.099832994 | H40: =(H41/E41) -> 0.16693863 | I40: =(I41/E41) -> 0.1371052 | J40: =(J41/E41) -> 0.10776102 | K40: =(K41/E41) -> 0.15633745 | L40: =(L41/E41) -> 0.18171338 | M40: =(M41/E41) -> 0.15031132 | N40: =SUM(G40:M40) -> 1
B41: TOTAL AMPLIAÇÃO | E41: =(E11+E13+E15+E17+E19+E21+E23+E25+E27+E29+E31+E33+E35+E37+E39) -> 579488.78 | G41: =(G11+G13+G15+G17+G19+G21+G23+G25+G27+G29+G31+G33+G35+G37+G39) -> 57852.1 | H41: =(H11+H13+H15+H17+H19+H21+H23+H25+H27+H29+H31+H33+H35+H37+H39) -> 96739.063 | I41: =(I11+I13+I15+I17+I19+I21+I23+I25+I27+I29+I31+I33+I35+I37+I39) -> 79450.924 | J41: =(J11+J13+J15+J17+J19+J21+J23+J25+J27+J29+J31+J33+J35+J37+J39) -> 62446.305 | K41: =(K11+K13+K15+K17+K19+K21+K23+K25+K27+K29+K31+K33+K35+K37+K39) -> 90595.799 | L41: =(L11+L13+L15+L17+L19+L21+L23+L25+L27+L29+L31+L33+L35+L37+L39) -> 105300.87 | M41: =(M11+M13+M15+M17+M19+M21+M23+M25+M27+M29+M31+M33+M35+M37+M39) -> 87103.724 | N41: =SUM(G41:M41) -> 579488.78
D52: EDIONE SÍLVIA FERREIRA | H52: EUGÊNIO RIBEIRO DOS SANTOS NETO
D53: CAU A 19.326-7 | H53: PREFEITO MUNICIPAL
